 Dungeon Crawl Stone Soup version 0.28.0-45-g0d030f2227 (webtiles) character file.

Game seed: 10831137587063761892

7 MalarOregon the Skirmisher (level 1, -2/19 HPs)
             Began as a Palentonga Fighter on Apr 19, 2022.
             Succumbed to a goblin's poison
             ... on level 1 of the Dungeon.
             The game lasted 00:00:14 (126 turns).

MalarOregon the Skirmisher (Palentonga Fighter)      Turns: 126, Time: 00:00:15

Health: -2/19      AC:  7    Str: 19    XL:     1   Next: 91%
Magic:  1/1        EV:  7    Int:  8    God:
Gold:   0          SH:  4    Dex:  9    Spells: 0/0 levels left

rFire   . . .      SeeInvis +   a - +0 flail
rCold   . . .      Faith    .   c - +0 buckler
rNeg    . . .      Spirit   .   b - +0 scale mail
rPois   .          Reflect  .   (no helmet)
rElec   .          Harm     .   (no cloak)
rCorr   .          Rampage  .   e - +0 pair of gloves
Will    .....                   (no barding)
Stlth   ..........              (no amulet)
HPRegen 0.06/turn               (no ring)
MPRegen 0.07/turn               (no ring)

@: lethally poisoned (-2 -> -28)
A: large, rugged brown scales 3, see invisible, deformed body, roll 1, armoured
tail
a: Rolling Charge


You were on level 1 of the Dungeon.
You visited 1 branch of the dungeon, and saw 1 of its levels.


Innate Abilities, Weirdness & Mutations

You are completely covered in rugged brown scales. (AC +3, +7% HP)
You have supernaturally acute eyesight. (SInv)
Armour fits poorly on your strangely shaped body.
You can roll at nearby foes to attack.
You have a long armoured tail.


   Skills:
 + Level 3.1 Fighting
 + Level 2.1 Maces & Flails
 + Level 2.5 Armour
 + Level 2.5 Shields


You couldn't memorise any spells.
You didn't know any spells.
Your spell library was empty.

Inventory:

Hand Weapons
 a - a +0 flail (weapon)
Armour
 b - a +0 scale mail (worn)
 c - a +0 buckler (worn)
 e - a +0 pair of gloves (worn)
   (You found it on level 1 of the Dungeon)
Potions
 d - a potion of might

Dungeon Overview and Level Annotations

Branches:
Dungeon (1/15)

Altars:

#### #.. ######g####
+......@g>#
##.###.##.#
#######.###.## #
.........†...#
###########.########
..........#.........
..........#.#######.
...<......#.###.#
..........#.....#


You could see 2 goblins.


Message History

🤖 Initializing magus.rc ... ✅ Successfully initialized magus.rc [v1.9.6] Welcome, MalarOregon the Palentonga Fighter.
Will you be the one to retrieve the fabled Orb of Zot from the depths?
Press ? for a list of commands and other information.
Found a pair of gloves and a dagger.
Found a staircase leading out of the dungeon.
e - a +0 pair of gloves You start putting on your armour.
You continue putting on your +0 pair of gloves. x4
You finish putting on your +0 pair of gloves.
You see here a +0 dagger.
Found an escape hatch in the floor.
A kobold comes into view. It is wielding a +0 dagger.
A kobold is nearby!
You hit the kobold.
You tail-slap the kobold, but do no damage.
The kobold hits you but does no damage.
You hit the kobold.
You kill the kobold!
No target in view!
No target in view!
Things that are here:
a +0 dagger; a kobold corpse A rat comes into view.
The rat moves out of view.
An endoplasm comes into view.
Found a stone staircase leading down.
The endoplasm quivers.
An endoplasm is nearby!
You hit the endoplasm.
The endoplasm hits you but does no damage.
You block the endoplasm's attack.
You hit the endoplasm.
You kill the endoplasm!
The rat bites you.
You sock the rat!
You kill the rat!
Key pressed, stopping explore.
No target in view!
No target in view!
Key pressed, stopping explore.
No target in view!
A giant cockroach and a dart slug come into view.
There are monsters nearby!
There are monsters nearby!
There are monsters nearby!
The giant cockroach barely misses you.
You hit the giant cockroach.
You kill the giant cockroach!
The dart slug bites you but does no damage.
You see here a giant cockroach corpse.
You thump the dart slug!
You kill the dart slug!
No target in view!
Found a stone staircase leading down.
A goblin comes into view. It is wielding a +2 dagger of venom.
The goblin shouts!
You hear a shout!
A goblin is nearby!
A goblin is nearby!
The goblin hits you with a +2 dagger of venom.
You are poisoned.
You miss the goblin.
You feel very sick. The goblin hits you but does no damage.
You are lethally poisoned!
A goblin comes into view. It is wielding a +0 club.
You closely miss the goblin.
* * * LOW HITPOINT WARNING * * *
You feel very sick.
The goblin hits you with a +2 dagger of venom.
* * * LOW HITPOINT WARNING * * *
You are more poisoned.
The goblin barely misses you.
You closely miss the goblin.
Your tail-slap misses the goblin.
You die...

Action                   || total
-------------------------++-------
Melee: Flail             ||    10
       Tailslap          ||     1
Armor: Scale mail        ||     4
Dodge: Dodged            ||     2
Block: Buckler           ||     1

Levels and vault maps discovered:
D:1:      lemuel_arrival_hallway, layout_basic

Notes
Turn   | Place    | Note
-------+----------+-------------------------------------------
     0 | D:1      | MalarOregon the Palentonga Fighter began the quest for the
                  | Orb.
     0 | D:1      | Reached XP level 1. HP: 19/19 MP: 1/1
   126 | D:1      | Succumbed to a goblin's poison

Vanquished Creatures
  A dart slug (D:1)
  An endoplasm (D:1)
  A giant cockroach (D:1)
  A kobold (D:1)
  A rat (D:1)
5 creatures vanquished.

Table legend:
 A = Non-vault XP
 B = Vault XP
 C = Vault XP percentage of total XP
 D = Non-vault monster count
 E = Vault monster count
 F = Vault count percentage of total count
                 A         B        C        D         E       F
            +---------+---------+-------+---------+---------+-------
      Total |      11 |       0 |   0.0 |       5 |       0 |   0.0
            +---------+---------+-------+---------+---------+-------
        D:1 |      11 |       0 |   0.0 |       5 |       0 |   0.0
            +---------+---------+-------+---------+---------+-------

Illustrated notes

Table legend:
 A = Kills in this place as a percentage of kills in entire the game.
 B = Kills by you in this place as a percentage of kills by you in the entire game.
 C = Kills by friends in this place as a percentage of kills by friends in the entire game.
 D = Other kills in this place as a percentage of other kills in the entire game.
 E = Experience gained in this place as a percentage of experience gained in the entire game.
 F = Experience gained in this place divided by the number of levels of this place that you have seen.
                   A       B       C       D       E      F
               +-------+-------+-------+-------+-------+----------------------
         Total | 100.0 | 100.0 |   N/A |   N/A | 100.0 |  11.0
       Dungeon | 100.0 | 100.0 |   N/A |   N/A | 100.0 |  11.0
               +-------+-------+-------+-------+-------+----------------------

Table legend: (Time is in decaauts)
 A = Elapsed time spent in this place.
 B = Non-inter-level travel time spent in this place.
 C = Inter-level travel time spent in this place.
 D = Time resting spent in this place.
 E = Time spent auto-exploring this place.
 F = Levels seen in this place.
 G = Mean time per level.
                   A        B        C        D        E       F      G
               +--------+--------+--------+--------+--------+-----+--------+
         Total |    128 |    128 |      0 |      0 |     99 |   1 |  128.0 |
       Dungeon |    128 |    128 |      0 |      0 |     99 |   1 |  128.0 |
               +--------+--------+--------+--------+--------+-----+--------+

Top non-repeatable levels by time:
     D:1: 128 daAuts
